 Dungeon Crawl Stone Soup version 0.23.2-1-ga50397a (webtiles) character file.

Game seed: 15198360088458916715

714 MalarOregon the Ruffian (level 7, -2/59 (60) HPs)
             Began as a Ghoul Gladiator on May 31, 2019.
             Slain by a hound (3 damage)
             ... on level 3 of the Dungeon.
             The game lasted 00:06:15 (3943 turns).

MalarOregon the Ruffian (Ghoul Gladiator)           Turns: 3943, Time: 00:06:16

HP:   -2/59 (60)    AC:  6    Str: 15 (18) XL:     7   Next: 69%
MP:   6/6           EV: 12    Int:  9 (10) God:
Gold: 196           SH:  0    Dex:  7 (10) Spells: 6/6 levels left

rFire    . . .     SeeInvis .     - Unarmed
rCold    + . .     Gourm    .   (no shield)
rNeg     + + +     Faith    .   a - +0 leather armour
rPois    ∞         Spirit   .   b - +0 helmet
rElec    .         Reflect  .   (no cloak)
rCorr    .         Harm     .   i - +1 pair of gloves
MR       .....                  (no boots)
Stlth    ++........             (no amulet)
HPRegen  0.00/turn              (no ring)
MPRegen  0.10/turn              (no ring)

@: brilliant, flying, rotting
A: rotting body, claws 1, carnivore, cold resistance 1, negative energy
resistance 3, inhibited regeneration, torment resistance, unbreathing
a: no special abilities


You were on level 3 of the Dungeon.
You were not hungry.

You visited 1 branch of the dungeon, and saw 4 of its levels.

You collected 196 gold pieces.

Inventory:

Missiles
 c - 3 throwing nets (quivered) {!f}
Armour
 a - a +0 leather armour (worn)
 b - a +0 helmet (worn)
 i - a +1 pair of gloves (worn)
   (You found it on level 2 of the Dungeon)
Wands
 d - a wand of iceblast (10)
   (You found it on level 3 of the Dungeon)
 u - a wand of paralysis (4)
   (You took it off a kobold on level 3 of the Dungeon)
Scrolls
 f - 2 scrolls of enchant armour {unknown}
 g - 3 scrolls of fog {unknown}
 h - 3 scrolls of teleportation {unknown}
 l - 2 scrolls of amnesia {unknown}
 o - a scroll of magic mapping {unknown}
 p - 4 scrolls of remove curse {unknown}
 r - a scroll of enchant weapon {unknown}
 v - 2 scrolls of identify {unknown}
Potions
 k - 2 potions of haste {@q3}
 m - a potion of heal wounds {unknown}
 q - a potion of agility {unknown}
Comestibles
 e - 10 rations {!d}


   Skills:
 + Level 4.9 Fighting
 - Level 1.7 Throwing
 - Level 2.6 Dodging
 + Level 4.6 Stealth
 * Level 7.2 Unarmed Combat


You had 6 spell levels left.
You didn't know any spells.
Your spell library contained the following spells:

 Spells                   Type           Power        Failure   Level  Hunger
 Animate Skeleton         Necr           N/A          6%          1    ##.....
 Apportation              Tloc           #.....       6%          1    ##.....
 Confusing Touch          Hex            #.....       6%          1    ##.....
 Summon Small Mammal      Summ           #...         6%          1    ##.....


Dungeon Overview and Level Annotations

Branches:
Dungeon (4/15)
 Temple: D:4-7

Altars:
Fedhas
Trog

Annotations:
D:4 Sigmund


Innate Abilities, Weirdness & Mutations

Your body is rotting away.
You thrive on raw meat.
You are immune to poison.
You have sharp fingernails.
You are carnivorous and can eat meat at any time.
Your flesh is cold resistant. (rC+)
You are immune to negative energy. (rN+++)
You do not regenerate when monsters are visible.
You are immune to unholy pain and torment.
You can survive without breathing.


Message History

The orc wizard casts a spell at you. The magic dart hits you.
* * * LOW HITPOINT WARNING * * *
There is a stone staircase leading down here.
You see here a stone.
The hound misses you. The hound barely misses you.
The hound bites you but does no damage. The hound bites you but does no damage.
Okay, then.
You miss the hound. The hound bites you.
* * * LOW HITPOINT WARNING * * *
It was a potion of flight.
You feel very buoyant.
You fly up into the air.
The hound bites you but does no damage. The hound closely misses you.
The hound barely misses you.
It was a potion of degeneration.
There was something very wrong with that liquid.
You feel weakened.
You feel dopey.
You feel clumsy. The hound barely misses you.
It was a potion of haste.
You feel yourself speed up. The hound bites you.
* * * LOW HITPOINT WARNING * * *
The hound bites you.
* * * LOW HITPOINT WARNING * * *
The orc wizard casts a spell.
The orc wizard flickers and vanishes!
Deactivating autopickup; reactivate with Ctrl-A.
You reach down and open the door.
The hound barely misses you.
There is an open door here.
You see here a stone.
You see here a stone.
You see here a stone.
You see here a stone.
There is an open door here.
You see here a +0 spear.
There is a stone staircase leading up here.
You see here 3 stones.
The hound barely misses you.
You fly upwards.
Reactivating autopickup.
There is a stone staircase leading down here.
Okay, then.
You see here a hand axe.
You see here a +0 giant club.
Your extra speed is starting to run out.
You feel yourself slow down.
It was a potion of brilliance.
You feel clever all of a sudden. The hound bites you.
You die...

### ### ###### ### #.# #.# #.##.#
#.# #.###.######....# #<#
#........)).....# #.#
#.#.#.######.#### #.# #...#.# #.#
#.# #####.# #.# #.#
############.######.# #.#
...............h@...# #.#
.............>#################.#
..............[..................
#########.#[#.###################
# #.#.#.############### #
#.#.#...............# #
#.#.#..############.# # #.#.#..#
#.# ## #.#.#..############.#


You could see a hound.

Vanquished Creatures
  A sky beast (D:4)
  An ogre (D:3)
  2 scorpions
  5 wights
  A hound (D:4)
  A worker ant (D:4)
  A hound zombie (D:3)
  A hound skeleton (D:3)
  3 gnolls
  5 adders
  An ooze (D:1)
  An adder skeleton (D:4)
  4 dart slugs
  3 orcs
  4 giant cockroaches
  7 goblins
  5 hobgoblins
  3 jackals (D:2)
  8 kobolds
  2 ball pythons (D:2)
  A ball python skeleton (D:3)
  3 bats (D:2)
  3 frilled lizards
  A leopard gecko skeleton (D:3)
  6 rats
73 creatures vanquished.

Notes
Turn   | Place    | Note
-------+----------+-------------------------------------------
     0 | D:1      | MalarOregon the Ghoul Gladiator began the quest for the
                  | Orb.
     0 | D:1      | Reached XP level 1. HP: 17/17 MP: 0/0
    69 | D:1      | Reached XP level 2. HP: 19/25 MP: 1/1
   202 | D:1      | Reached skill level 1 in Stealth
   429 | D:1      | Reached skill level 4 in Unarmed Combat
   429 | D:1      | Reached XP level 3. HP: 30/30 MP: 2/2
   935 | D:2      | Reached XP level 4. HP: 22/38 MP: 3/3
  1564 | D:3      | You fall through a shaft!
  1605 | D:3      | Reached skill level 5 in Unarmed Combat
  1605 | D:3      | Reached XP level 5. HP: 28/45 MP: 4/4
  2020 | D:4      | Noticed a sky beast
  2045 | D:4      | Killed a sky beast
  2045 | D:4      | Reached XP level 6. HP: 12/51 MP: 5/5
  2571 | D:3      | Reached skill level 6 in Unarmed Combat
  2883 | D:4      | Found a blossoming altar of Fedhas.
  2997 | D:4      | Reached XP level 7. HP: 35/60 MP: 6/6
  3535 | D:4      | Noticed Sigmund
  3654 | D:4      | Reached skill level 7 in Unarmed Combat
  3670 | D:4      | Found a bloodstained altar of Trog.
  3884 | D:4      | HP: 1/59 [hound (4)]
  3943 | D:3      | Slain by a hound

Skill      XL: |  1  2  3  4  5  6  7 |
---------------+----------------------+-----
Stealth        | 1 2 3 4 |  4.6
Unarmed Combat | 4 5 6 7 |  7.2
Fighting       | 3 4 |  4.9
Throwing       | |  1.7
Dodging        | |  2.6

Action                   |  1- 3 |  4- 6 |  7- 9 || total
-------------------------+-------+-------+-------++-------
Melee: Unarmed           |   107 |   194 |    52 ||   353
       Punch             |     1 |     6 |     2 ||     9
Evoke: Wand              |       |     2 |       ||     2
  Use: Potion            |       |       |     4 ||     4
 Stab: Sleeping          |       |     1 |       ||     1
       Paralysed         |       |     3 |       ||     3
  Eat: Chunk             |     6 |    11 |     2 ||    19
       Ration            |       |     1 |       ||     1
Armor: Leather armour    |    32 |    51 |    15 ||    98
Dodge: Dodged            |    69 |   100 |    54 ||   223
